 Dungeon Sprint DCSS version 0.31-a0-358-gac0dbeb3ab (webtiles) character file.

Game seed: 2610313401866188896

3313 Conn the Arsonist (level 10, -5/66 HPs)
             Began as an Octopode Fire Elementalist on July 26, 2023.
             Was a High Priest of Sif Muna.
             Slain by Snorg (11 damage)
             ... in the Dungeon (Sprint III: "The Ten Rune Challenge").
             The game lasted 00:11:32 (1659 turns).

Conn the Arsonist (Octopode Fire Elementalist)      Turns: 1659, Time: 00:11:33

Health: -5/66      AC:  1    Str:  7    XL:     10   Next: 1%
Magic:  17/25      EV: 14    Int: 22    God:    Sif Muna [*****.]
Gold:   927        SH:  0    Dex: 13    Spells: 18/31 levels left

rFire   . . .        m - +1 glaive
rCold   . . .        (shield currently unavailable)
rNeg    . . .        (helmet restricted)
rPois   .            (no amulet)
rElec   .            (no ring)
rCorr   .            (no ring)
SInv    .            (no ring)
Will    .....        (no ring)
Stlth   +++++        (no ring)
HPRegen 0.31/turn    (no ring)
MPRegen 0.19/turn    (no ring)
                     (no ring)

%: no teleportation
@: sluggish
A: almost no armour, amphibious, 8 rings, camouflage 1, gelatinous body 1,
nimble swimmer 1, tentacles
a: Renounce Religion, Channel Magic, Forget Spell, Divine Exegesis


You were in the Dungeon.
You worshipped Sif Muna.
Sif Muna was extremely pleased with you.
You visited 1 branch You collected 927 gold pieces.

Inventory:

Hand Weapons
 k - a +1 long sword of holy wrath
 m - a +1 glaive (weapon)
Wands
 l - a wand of mindburst (17)
Scrolls
 h - 2 scrolls of poison {unknown}
 i - 2 scrolls of identify
Potions
 a - 2 potions of magic
 b - a potion of curing
 c - a potion of heal wounds
 d - a potion of haste
 e - a potion of berserk rage
 g - 5 potions of mutation {unknown}
 j - a potion of enlightenment {unknown}


   Skills:
 * Level 5.5 Fighting
 + Level 4.7 Dodging
 - Level 5.6 Stealth
 + Level 0.5 Unarmed Combat
 + Level 11.3 Spellcasting
 * Level 9.0 Conjurations
 + Level 2.5 Hexes
 + Level 13.7 Fire Magic
 + Level 4.8 Air Magic
 * Level 4.4 Invocations


You had 18 spell levels left.
You knew the following spells:

 Your Spells              Type           Power      Damage    Failure   Level
a - Foxfire               Conj/Fire      100%       2x1d9     1%          1
b - Scorch                Fire           100%       2d9       1%          2
c - Inner Flame           Hex/Fire       48%        N/A       1%          3
d - Flame Wave            Conj/Fire      58%        2d14      1%          4
e - Swiftness             Air            33%        N/A       2%          3

Your spell library contained the following spells:

 Spells                   Type           Power      Damage    Failure   Level
 Volatile Blastmotes      Fire/Tloc      84%        2d17      1%          3
 Ensorcelled Hibernation  Hex/Ice        36%        N/A       4%          2
 Passwall                 Tmut/Erth      10%        N/A       9%          2
 Simulacrum               Ice/Necr       6%         N/A       100%        6
 Ozocubu's Refrigeration  Ice            6%         4d8       100%        7
 Polar Vortex             Ice            6%         N/A       100%        9


Dungeon Overview and Level Annotations

Branches:
Dungeon (1/1)

Altars:
Dithmenos
Elyvilon
Fedhas
Kikubaaqudgha
Okawaru
Qazlal
Ru
Sif Muna
Trog
Uskayaw
Vehumet
Wu Jian
Yredelemnul
Zin
The Shining One

Shops:
D !

Annotations:
D Snorg


Innate Abilities, Weirdness & Mutations

You cannot wear most types of armour.
You are amphibious.
You can wear up to eight rings at the same time.
Your skin changes colour to match your surroundings (Stealth+).
Your rubbery body absorbs attacks. (AC +1, EV +1)
You are camouflaged when in or above water. (Stealth+)
You have tentacles for arms and can constrict up to eight enemies at once.


Message History

Casting: Scorch (safe; 1% risk of failure)
Confirm with . or Enter, or press ? or * to list all spells.
Okay, then.
Unknown command.
Unknown command.
Magic courses through your body. Snorg closely misses you. Snorg misses you.
Snorg closely misses you. Snorg bites you!! Snorg barely misses you.
Snorg claws you!
* * * LOW HITPOINT WARNING * * *
Unknown command.
Unknown command.
Casting: Scorch (safe; 1% risk of failure)
Confirm with . or Enter, or press ? or * to list all spells.
Okay, then.
Unknown command.
You feel much better. Snorg misses you. Snorg closely misses you.
Snorg claws you!
Casting: Scorch (safe; 1% risk of failure)
Confirm with . or Enter, or press ? or * to list all spells.
Casting: Flame Wave (dangerous; 1% risk of failure)
Press: ? - help, Dir - look around, f - activate A wave of flame ripples out!
The flame wave engulfs Snorg!!
Snorg is burned terribly!
Snorg is heavily wounded. (Press . to intensify the flame waves.) Snorg is engulfed in a cloud of scalding steam.
Snorg completely misses you. Snorg claws you. x2
* * * LOW HITPOINT WARNING * * *
Snorg is engulfed in a cloud of scalding steam.
Snorg bites you.
* * * LOW HITPOINT WARNING * * *
Snorg claws you.
* * * LOW HITPOINT WARNING * * *
Snorg barely misses you.
A wave of flame ripples out!
The flame wave engulfs Snorg!!
Snorg is burned terribly!
Snorg is severely wounded.
Snorg is engulfed in a cloud of scalding steam.
Snorg bites you!
You die...

▓<.#..'.....♣ ♣.##########
▓..#..#....♣♣♣♣ ♣.#___#___#_
▓#'####....♣..♣♣♣.#...#__.#.
▓.†...#....~....♣.###'#'###'
▓.§..†#...~~[.).♣.#...).....
▓.....#..~~)~....)).⌠..))))§
▓####)#..§§§§§~.♣.#...######
▓.....#.~§§§§§....#.⌠.# #.o
▓.....#.~§T@§.....#...# #..
▓.....#.~§§.......#'### #..
▓'#####...........#.).# #..
▓.................#___#v_)..
▓▓▓▓▓▓▓▓▓▓▓▓▓▓▓▓▓▓▓▓▓▓▓▓▓▓▓▓


You could see Snorg (berserk, combustible).

Vanquished Creatures
  An orc high priest (D)
  An orc knight (D)
  A deep elf pyromancer (D)
  2 orc sorcerers (D)
  A shadow (D)
  A spatial vortex (D)
  2 orc warriors (D)
  A necrophage (D)
  A water elemental (D)
  A scorpion (D)
  A jelly (D)
  An orc priest (D)
  Jessica (D)
  A wizard (D)
  An orc wizard (D)
  A necromancer (D)
  A kobold demonologist (D)
  3 humans (D)
  7 orcs (D)
  An endoplasm (D)
  3 rats (D)
33 creatures vanquished.

Vanquished Creatures (others)
  204 foxfires (D)
204 creatures vanquished.

Grand Total: 237 creatures vanquished

Notes
Turn   | Place    | Note
-------+----------+-------------------------------------------
     0 | D        | Conn the Octopode Fire Elementalist began the quest for the
                  | Orb.
     0 | D        | Reached XP level 1. HP: 11/11 MP: 3/3
    47 | D        | Noticed Jessica
   100 | D        | Killed Jessica
   101 | D        | Reached skill level 5 in Fire Magic
   101 | D        | Reached XP level 2. HP: 17/17 MP: 0/6
   101 | D        | Reached XP level 3. HP: 21/21 MP: 0/7
   171 | D        | Learned a level 2 spell: Scorch
   175 | D        | Learned a level 3 spell: Inner Flame
   276 | D        | Noticed a scorpion
   281 | D        | Killed a scorpion
   282 | D        | Reached skill level 7 in Fire Magic
   282 | D        | Reached XP level 4. HP: 27/27 MP: 6/10
   352 | D        | Learned a level 4 spell: Flame Wave
   353 | D        | Noticed a water elemental
   357 | D        | Killed a water elemental
   358 | D        | Reached skill level 5 in Spellcasting
   358 | D        | Reached skill level 8 in Fire Magic
   358 | D        | Reached XP level 5. HP: 31/31 MP: 4/12
   412 | D        | Noticed a human
   412 | D        | Noticed a human
   420 | D        | Killed a human
   421 | D        | Reached skill level 5 in Stealth
   421 | D        | Reached skill level 9 in Fire Magic
   421 | D        | Reached XP level 6. HP: 5/36 MP: 4/15
   423 | D        | Killed a human
   424 | D        | Reached skill level 10 in Fire Magic
   424 | D        | Reached XP level 7. HP: 7/42 MP: 1/17
   561 | D        | Found an ornate altar of the Wu Jian Council.
   562 | D        | Found a hide-covered altar of Uskayaw.
   562 | D        | Found a bloodstained altar of Trog.
   564 | D        | Found a radiant altar of Vehumet.
   564 | D        | Found a shimmering blue altar of Sif Muna.
   564 | D        | Found an ancient bone altar of Kikubaaqudgha.
   575 | D        | Became a worshipper of Sif Muna the Loreminder
   584 | D        | Found an iron altar of Okawaru.
   614 | D        | Learned a level 3 spell: Swiftness
   614 | D        | Found a glowing silver altar of Zin.
   614 | D        | Found a glowing golden altar of the Shining One.
   614 | D        | Found a white marble altar of Elyvilon.
   614 | D        | Noticed a deep elf pyromancer
   621 | D        | Killed a deep elf pyromancer
   622 | D        | Reached skill level 5 in Conjurations
   622 | D        | Reached skill level 1 in Hexes
   622 | D        | Reached skill level 11 in Fire Magic
   622 | D        | Reached XP level 8. HP: 47/47 MP: 7/20
   729 | D        | Found a basalt altar of Yredelemnul.
   729 | D        | Found a shadowy altar of Dithmenos.
   729 | D        | Found a sacrificial altar of Ru.
   734 | D        | Reached * piety under Sif Muna
   735 | D        | Reached skill level 1 in Fighting
   791 | D        | Noticed a shadow
   796 | D        | Killed a shadow
   797 | D        | Reached skill level 12 in Fire Magic
   882 | D        | Noticed Snorg
   883 | D        | Found Jiesap's Distillery.
   887 | D        | Noticed an orc knight
   921 | D        | Killed an orc knight
   921 | D        | Reached ** piety under Sif Muna
   922 | D        | Reached skill level 10 in Spellcasting
  1036 | D        | Reached XP level 9. HP: 41/56 MP: 18/23
  1161 | D        | Reached *** piety under Sif Muna
  1180 | D        | Reached skill level 1 in Invocations
  1345 | D        | Reached **** piety under Sif Muna
  1346 | D        | Reached skill level 13 in Fire Magic
  1394 | D        | Found a blossoming altar of Fedhas.
  1395 | D        | Found a stormy altar of Qazlal.
  1406 | D        | Noticed an orc sorcerer
  1417 | D        | Killed an orc sorcerer
  1543 | D        | Noticed an orc high priest
  1549 | D        | Killed an orc high priest
  1549 | D        | Reached ***** piety under Sif Muna
  1550 | D        | Reached skill level 5 in Fighting
  1604 | D        | Noticed an orc sorcerer
  1607 | D        | Paralysed by an orc sorcerer for 2 turns
  1610 | D        | Killed an orc sorcerer
  1611 | D        | Reached XP level 10. HP: 26/66 MP: 13/25
  1659 | D        | Slain by Snorg

Illustrated notes

Levels and vault maps discovered:
D:        dungeon_sprint_mu [sprint_mu_entry_forest, sprint_mu_temple_rooms,
          sprint_mu_d1_horrors, sprint_mu_d2_genie, sprint_mu_d3_branching,
          sprint_mu_orc_legion, sprint_mu_elf_gauntlet, sprint_mu_hive_nellie,
          sprint_mu_lair_fedhas, sprint_mu_vaults_butterflies,
          sprint_mu_slime_circle, sprint_mu_swamp_cave, sprint_mu_shoals_kraken,
          sprint_mu_blade_basic, sprint_mu_crypt_lich, sprint_mu_tomb_spiral,
          sprint_mu_vestibule_basic, sprint_mu_gehenna_hellfire,
          sprint_mu_dis_giant, sprint_mu_tartarus_statrot,
          sprint_mu_cocytus_islands, sprint_mu_zot1]

Skill      XL: |  1  2  3  4  5  6  7  8  9 |
---------------+----------------------------+-----
Stealth        | 3 4 5 |  5.6
Spellcasting   | 3 4 5 6 7 8 10 11 | 11.3
Fire Magic     | 5 7 8 9 10 11 12 13 | 13.7
Dodging        | 3 4 |  4.7
Conjurations   | 2 3 4 5 6 9 |  9.0
Hexes          | 1 2 |  2.5
Air Magic      | 3 4 |  4.8
Fighting       | 3 5 |  5.5
Invocations    | 4 |  4.4
Unarmed Combat | |  0.5

Action                     |  1- 3 |  4- 6 |  7- 9 | 10-12 || total
---------------------------+-------+-------+-------+-------++-------
  Melee: Unarmed           |     3 |       |     1 |       ||     4
         Tentacles         |     1 |       |     1 |       ||     2
         Constrict         |     1 |       |       |     1 ||     2
         Glaive            |       |       |     1 |     1 ||     2
   Cast: Foxfire           |    17 |     1 |    95 |     3 ||   116
         Scorch            |     1 |     6 |    19 |     4 ||    30
         Flame Wave        |       |     1 |     4 |     1 ||     6
         Inner Flame       |       |       |     6 |     2 ||     8
         Swiftness         |       |       |       |     1 ||     1
 Invoke: Channel Magic     |       |       |     1 |       ||     1
    Use: Scroll            |       |     1 |       |     1 ||     2
         Potion            |       |       |       |     3 ||     3
   Stab: Sleeping          |       |       |     1 |       ||     1
  Dodge: Dodged            |     1 |       |    10 |    11 ||    22

Table legend: (Time is in decaauts)
 A = Elapsed time spent in this place.
 B = Non-inter-level travel time spent in this place.
 C = Inter-level travel time spent in this place.
 D = Time resting spent in this place.
 E = Time spent auto-exploring this place.
 F = Levels seen in this place.
 G = Mean time per level.
                   A        B        C        D        E       F      G
               +--------+--------+--------+--------+--------+-----+--------+
         Total |   1657 |   1657 |      0 |    844 |    167 |   1 | 1657.0 |
       Dungeon |   1657 |   1657 |      0 |    844 |    167 |   1 | 1657.0 |
               +--------+--------+--------+--------+--------+-----+--------+

Top non-repeatable levels by time:
       D: 1657 daAuts
